 Dungeon Crawl Stone Soup version 0.30.0-10-gfe55d96785 (webtiles) character file.

Game seed: 2551399013568174539

80145 qw the Peltast (level 15, -5/94 HPs)
             Began as a Gargoyle Cinder Acolyte on May 16, 2023.
             Was a High Priest of Okawaru.
             Slain by a titanic slime creature (45 damage)
             ... on level 15 of the Dungeon.
             The game lasted 00:12:21 (19205 turns).

qw the Peltast (Gargoyle Cinder Acolyte)           Turns: 19205, Time: 00:12:22

Health: -5/94      AC: 46    Str: 29      XL:     15   Next: 66%
Magic:  22/22      EV:  7    Int: 16 (18) God:    Okawaru [*****.]
Gold:   307        SH: 19    Dex:  5      Spells: 16/16 levels left

rFire   + + .        r - +7 war axe (spect)
rCold   + . .        k - +0 tower shield
rNeg    + . .        d - +2 crystal plate armour
rPois   inf          g - +0 helmet
rElec   +            b - scarf {rC+ rF+}
rCorr   +            h - +2 pair of gloves
SInv    +            c - +0 pair of boots
Will    +....        n - amulet of regeneration Stlth
                     a - ring of see invisible
HPRegen 1.15/turn    q - ring "Ryniopetips" {rF+ rCorr Str+4 Int+3}
MPRegen 0.18/turn

%: no passive effects
@: heroic, flying
A: sickness immunity, AC +11, big wings, negative energy resistance 1,
electricity resistance, torment resistance 1, petrification resistance,
deterioration 1, subdued magic 1
a: Renounce Religion, Heroism, Finesse, Duel


You were on level 15 of the Dungeon.
You worshipped Okawaru.
Okawaru was extremely pleased with you.
You visited 3 branches of the dungeon, and saw 21 of its levels.
You visited the Abyss 1 time.
You visited 1 bazaar.

You collected 1369 gold pieces.
You spent 1062 gold pieces at shops.


Innate Abilities, Weirdness & Mutations

You are immune to sickness and miasma.
Your stone body is resilient. (AC +11)
You are immune to poison.
Your large and strong wings let you fly.
You resist negative energy. (rN+)
You are resistant to electric shocks. (rElec)
You are resistant to unholy torment.
You are immune to petrification.
Your body sometimes deteriorates upon taking damage.
Your spells are a little easier to cast, but a little less powerful.


   Skills:
 - Level 11.0(16.0) Fighting
 - Level 14.0(19.0) Axes
 + Level 3.5(8.5) Throwing
 - Level 13.0(18.0) Armour
 - Level 1.7(6.7) Dodging
 - Level 15.8(20.8) Shields
 - Level 1.0 Spellcasting
 - Level 3.0 Fire Magic
 - Level 10.1 Invocations


You had 16 spell levels left.
You didn't know any spells.
Your spell library contained the following spells:

 Spells                   Type           Power      Damage    Failure   Level
 Scorch                   Fire           16%        2d6       86%         2

Inventory:

Hand Weapons
 r - a +7 spectral war axe (weapon)
 u - the +4 hand axe of the Ship {flame, Dex+4}
   (You found it on level 9 of the Dungeon)

   Dex:       It affects your dexterity (+4).
Missiles
 y - a silver javelin (quivered)
Armour
 b - a scarf of resistance (worn)
 c - a +0 pair of boots (worn)
 d - a +2 crystal plate armour (worn)
 g - a +0 helmet (worn)
 h - a +2 pair of gloves (worn)
 k - a +0 tower shield (worn)
 w - a +2 cloak of stealth
 x - a scarf of harm
Jewellery
 a - a ring of see invisible (left hand)
 n - an amulet of regeneration (around neck)
 q - the ring "Ryniopetips" (right hand) {rF+ rCorr Str+4 Int+3}
   (You acquired it on level 4 of the Lair of Beasts)

   [ring of resist corrosion]

   Str:       It affects your strength (+4).
   Int:       It affects your intelligence (+3).
   rF:        It protects you from fire.
   rCorr:     It protects you from acid and corrosion.
 v - a +6 ring of strength
Wands
 p - a wand of digging (5)
Scrolls
 f - 13 scrolls of identify
 i - a scroll of brand weapon
Potions
 e - 3 potions of cancellation
 j - 4 potions of heal wounds
 l - 2 potions of resistance
 m - 5 potions of might
 o - 2 potions of haste
 s - a potion of mutation
 t - 8 potions of curing

Dungeon Overview and Level Annotations

Branches:
Dungeon (14/15)            Temple (1/1) D:6            Lair (5/5) D:9
  Swamp (0/4) Lair:2       Spider (0/4) Lair:2        Slime (0/5) Lair:5
    Orc (0/2) D:12         Vaults (0/5) D:13

Altars:
Ashenzari
Cheibriados
Dithmenos
Elyvilon
Fedhas
Gozag
Kikubaaqudgha
Makhleb
Nemelex Xobeh
Okawaru
Qazlal
Ru
Trog
Uskayaw
Vehumet
Wu Jian
Xom
Yredelemnul
Zin
The Shining One

Shops:
D:2 *   D:5 !   D:8 *   D:9 ?

Annotations:
D:2 1 runed translucent door, Crazy Yiuf
D:4 2 runed translucent doors
D:11 2 transporters, Onakli's ghost, journeyman DsFi
D:13 3 runed translucent doors, 00Nightcrawler's ghost, journeyman VSTm
Lair:4 exclusion: 2 lindwurms
Lair:5 1 runed translucent door


Message History

You block the titanic slime creature's attack.
You slice the titanic slime creature!!
The titanic slime creature is moderately wounded.
The titanic slime creature closely misses you.
You slice the titanic slime creature!!
The titanic slime creature is heavily wounded.
You barely miss the titanic slime creature.
The titanic slime creature is heavily wounded.
The titanic slime creature hits you!!!
Ouch! That really hurt!
You hear a shout!
You hit the titanic slime creature.
The titanic slime creature is heavily wounded.
You block the titanic slime creature's attack.
You hit the titanic slime creature.
The titanic slime creature is heavily wounded.
You block the titanic slime creature's attack.
You slash the titanic slime creature!
The titanic slime creature is heavily wounded.
You slice the titanic slime creature!!
The titanic slime creature is heavily wounded.
You block the titanic slime creature's attack.
You slash the titanic slime creature!
The titanic slime creature is severely wounded.
The titanic slime creature hits you!!
19202 ||| DRINKING 6 potions of heal wounds.
You feel much better.
You block the titanic slime creature's attack.
A cyclops comes into view.
You slice the titanic slime creature!!
The titanic slime creature is severely wounded.
The titanic slime creature hits you!!
Your body deteriorates!
You feel dopey.
19204 ||| DRINKING 5 potions of heal wounds.
You feel much better.
You block the titanic slime creature's attack.
You hit the titanic slime creature.
The titanic slime creature is severely wounded.
The titanic slime creature hits you!!!
You die...

####..#...####..#
#..#.......# #
#..#.......# #.
#..#.......#
#..#..#......##
#..#..#.######
#......##..##
#######..##...(#.
......##.@JJ.....
.........##....##
......C...# ..##
#####.##### ## #.
#


You could see a titanic slime creature, a slime creature and a cyclops.

Vanquished Creatures
  A tentacled starspawn (Abyss:2)
  2 very ugly things
  An eidolon (Abyss:2)
  A rakshasa (Abyss:2)
  2 hydras
  A vault guard (D:13)
  3 two-headed ogres
  4 tengu warriors (D:14)
  3 death yaks (Lair:5)
  A centaur warrior (D:14)
  3 hell hogs (Abyss:2)
  Urug (Lair:4)
  A skyshark (Lair:3)
  A hell knight (Abyss:2)
  2 wretched stars
  A flayed ghost (Abyss:2)
  14 slime creatures
  2 wizards (D:14)
  A lindwurm (Lair:4)
  4 large abominations (Abyss:2)
  18 ugly things
  4 harpies (D:14)
  2 deep elf pyromancers
  3 cyclopes
  A will-o-the-wisp (Abyss:2)
  4 manticores
  11 elephants
  2 black mambas
  2 apocalypse crabs (Abyss:2)
  A rust devil (Abyss:2)
  Maggie (D:8)
  A torpor snail (Lair:2)
  10 cane toads
  A rime drake (Lair:4)
  A freezing wraith (D:14)
  2 komodo dragons (Lair:5)
  An efreet (D:15)
  5 kobold demonologists
  An unseen horror (D:10)
  An ancient zyme (Abyss:2)
  11 polar bears
  8 trolls
  3 meliai (D:15)
  2 hornets
  A raiju (Lair:5)
  9 blink frogs
  A shadow (D:11)
  3 dream sheep (Lair:2)
  Sigmund (D:2)
  3 wraiths
  63 yaks
  A ynoxinul (Abyss:2)
  4 wyverns
  2 vampires
  2 water elementals (D:12)
  15 fire elementals
  A human (shapeshifter) (D:12)
  3 basilisks
  2 steam dragons
  3 neqoxecs (Abyss:2)
  7 vampire mosquitoes (D:12)
  6 starcursed masses (Abyss:2)
  16 hell hounds (Lair:5)
  2 acid dragons
  4 wargs (Lair:5)
  10 water moccasins
  A meliai simulacrum (D:14)
  3 orc warriors
  A black bear (shapeshifter) (Abyss:2)
  5 ice beasts
  3 sky beasts
  13 black bears
  4 ogres
  26 wolves
  3 centaurs
  10 kobold brigands
  A gnoll sergeant (D:13)
  9 bullfrogs
  An earth elemental (Abyss:2)
  10 scorpions
  A small abomination (Abyss:2)
  14 killer bees
  5 electric eels
  3 howler monkeys (D:7)
  2 jellies
  A quasit (Abyss:2)
  A gnoll bouda (Lair:2)
  3 orc priests
  6 hounds
  2 sleepcaps (D:6)
  Ijyb (D:5)
  6 hell rats (Lair:3)
  An iguana (D:7)
  5 orc wizards
  Robin (D:2)
  11 gnolls
  2 adders
  A white imp (Abyss:2)
  An ufetubus (D:6)
  A worm (D:3)
  3 dart slugs
  28 orcs
  6 endoplasms
  3 giant cockroaches
  8 hobgoblins
  6 jackals
  4 quokkas
  10 ball pythons
  3 bats
  2 frilled lizards
  7 goblins
  29 kobolds
  6 rats
  A spectral hobgoblin (D:2)
578 creatures vanquished.

Vanquished Creatures (others)
  A sky beast (D:8)
  An orc (D:8)
  2 kobolds (D:8)
  2 foxfires (Abyss:2)
  8 spectral weapons
  2 starspawn tentacles (Abyss:2)
16 creatures vanquished.

Grand Total: 594 creatures vanquished

Notes
Turn   | Place    | Note
-------+----------+-------------------------------------------
     0 | D:1      | qw the Gargoyle Cinder Acolyte began the quest for the Orb.
     0 | D:1      | Reached XP level 1. HP: 14/14 MP: 2/2
     0 | D:1      | 0 ||| qw: Version: 0.2-a-94-gb5d2a68
     0 | D:1      | 0 ||| qw: Game counter: 62
     0 | D:1      | 0 ||| qw: Always use a shield: true
     0 | D:1      | 0 ||| qw: God list: Okawaru
     0 | D:1      | 0 ||| qw: Allow faded altars: false
     0 | D:1      | 0 ||| qw: Do Orc after D:15 true
     0 | D:1      | 0 ||| qw: Do second Lair branch before Depths: true
     0 | D:1      | 0 ||| qw: Lair rune preference: random
     0 | D:1      | 0 ||| qw: Plans: Normal
     0 | D:1      | 0 ||| PLANNING D:1-11
    59 | D:1      | 59 ||| READING scroll labelled BASOL ALENT.
    87 | D:1      | 87 ||| Stepping ~*~*~tactically~*~*~ (stealth).
    88 | D:1      | 88 ||| Stepping ~*~*~tactically~*~*~ (stealth).
   105 | D:1      | Reached skill level 3 in Axes
   109 | D:1      | 109 ||| INVOKING Fiery Armour.
   111 | D:1      | Reached XP level 2. HP: 8/19 MP: 3/3
   456 | D:1      | 456 ||| DROPPING amulet of magic regeneration.
   457 | D:1      | 457 ||| READING scroll labelled COMOST AKAT.
   562 | D:1      | 562 ||| UPGRADING to amulet of the acrobat.
   567 | D:1      | 567 ||| READING scroll labelled EDILAORCH DEAG.
   568 | D:1      | 568 ||| READING scroll labelled ADEUG PUPOO.
   568 | D:1      | Identified a scroll of acquirement
   568 | D:1      | 568 ||| ACQUIRING +1 crystal plate armour
   568 | D:1      | Acquired a +1 crystal plate armour
   570 | D:1      | 570 ||| UPGRADING to +1 crystal plate armour.
   580 | D:1      | 580 ||| DROPPING +0 robe.
   581 | D:1      | 581 ||| READING scroll labelled PEWYPS CITEYSCH.
   916 | D:2      | Noticed Sigmund
   917 | D:2      | 917 ||| Stepping ~*~*~tactically~*~*~ (hiding).
   918 | D:2      | 918 ||| Stepping ~*~*~tactically~*~*~ (hiding).
   928 | D:2      | Killed Sigmund
   929 | D:2      | Reached XP level 3. HP: 16/23 MP: 4/4
   929 | D:2      | Reached XP level 4. HP: 20/28 MP: 5/5
   929 | D:2      | Reached XP level 5. HP: 23/32 MP: 6/6
   990 | D:2      | 990 ||| INVOKING Fiery Armour.
  1044 | D:2      | Found Geq Eqyf's General Store.
  1062 | D:2      | 1062 ||| BUYING 2 scrolls of identify (48 gold).
  1062 | D:2      | Bought 2 scrolls of identify for 48 gold pieces
  1132 | D:2      | 1132 ||| INVOKING Fiery Armour.
  1134 | D:2      | Reached XP level 6. HP: 37/37 MP: 7/7
  1142 | D:2      | Noticed Robin
  1147 | D:2      | Killed Robin
  1189 | D:2      | Found a radiant altar of Vehumet.
  1289 | D:2      | Found a runed translucent door.
  1290 | D:2      | Noticed Crazy Yiuf
  1315 | D:2      | Found a faded altar of an unknown god.
  1402 | D:2      | 1402 ||| SWAPPING to +0 war axe.
  1452 | D:2      | 1452 ||| UPGRADING to +0 helmet.
  1457 | D:2      | 1457 ||| UPGRADING to +0 tower shield.
  1462 | D:2      | 1462 ||| DROPPING +6 ring of intelligence.
  1463 | D:2      | 1463 ||| READING scroll labelled CAGAODGHUHO.
  1464 | D:2      | 1464 ||| READING scroll labelled CEEHUN TIKAI.
  1465 | D:2      | 1465 ||| READING 4 scrolls of identify.
  1465 | D:2      | 1465 ||| IDENTIFYING red potion
  1466 | D:2      | 1466 ||| READING 3 scrolls of identify.
  1466 | D:2      | 1466 ||| IDENTIFYING emerald potion
  1467 | D:2      | 1467 ||| DROPPING potion of lignification.
  1468 | D:2      | 1468 ||| DROPPING potion of brilliance.
  1698 | D:3      | Found an opulent altar of Gozag.
  1830 | D:3      | 1830 ||| READING scroll of teleportation.
  1981 | D:3      | Reached skill level 1 in Shields
  2021 | D:3      | 2021 ||| UPGRADING to scarf of resistance.
  2026 | D:3      | 2026 ||| READING 2 scrolls of identify.
  2026 | D:3      | 2026 ||| IDENTIFYING viscous puce potion
  2027 | D:3      | 2027 ||| DROPPING potion of invisibility.
  2063 | D:4      | Reached skill level 2 in Shields
  2086 | D:4      | 2086 ||| Stepping ~*~*~tactically~*~*~ (hiding).
  2120 | D:4      | Found an ancient bone altar of Kikubaaqudgha.
  2286 | D:4      | Reached skill level 3 in Shields
  2329 | D:4      | 2329 ||| Stepping ~*~*~tactically~*~*~ (hiding).
  2330 | D:4      | 2330 ||| Stepping ~*~*~tactically~*~*~ (stealth).
  2331 | D:4      | 2331 ||| Stepping ~*~*~tactically~*~*~ (hiding).
  2354 | D:4      | Identified the +5 mace "Uxikuwko" {freeze, rF+ Will+}
  2403 | D:4      | 2403 ||| Stepping ~*~*~tactically~*~*~ (hiding).
  2410 | D:4      | Reached XP level 7. HP: 40/41 MP: 8/8
  2487 | D:4      | Found a large runed translucent door.
  2488 | D:4      | Found a large runed translucent door.
  2529 | D:4      | 2529 ||| Stepping ~*~*~tactically~*~*~ (stealth).
  2546 | D:4      | 2546 ||| Stepping ~*~*~tactically~*~*~ (hiding).
  2547 | D:4      | 2547 ||| Stepping ~*~*~tactically~*~*~ (hiding).
  2606 | D:4      | 2606 ||| Stepping ~*~*~tactically~*~*~ (stealth).
  2612 | D:4      | 2612 ||| Stepping ~*~*~tactically~*~*~ (hiding).
  2613 | D:4      | 2613 ||| Stepping ~*~*~tactically~*~*~ (hiding).
  2803 | D:4      | 2803 ||| UPGRADING to +0 pair of gloves.
  2808 | D:4      | 2808 ||| READING 2 scrolls of identify.
  2808 | D:4      | 2808 ||| IDENTIFYING glowing cyan potion
  2809 | D:4      | 2809 ||| DROPPING potion of degeneration.
  2848 | D:5      | Entered Level 5 of the Dungeon
  2867 | D:5      | Reached skill level 4 in Shields
  2931 | D:5      | Reached skill level 5 in Shields
  3068 | D:5      | Reached skill level 6 in Shields
  3376 | D:5      | Noticed Ijyb
  3427 | D:5      | Killed Ijyb
  3428 | D:5      | Reached XP level 8. HP: 45/46 MP: 9/9
  3440 | D:5      | Found Qaskyp's Distillery.
  3449 | D:5      | 3449 ||| BUYING potion of curing (39 gold).
  3449 | D:5      | Bought a potion of curing for 39 gold pieces
  3449 | D:5      | 3449 ||| BUYING potion of heal wounds (65 gold).
  3449 | D:5      | Bought a potion of heal wounds for 65 gold pieces
  3449 | D:5      | 3449 ||| SHOPLISTING potion of heal wounds (65 gold, have
                  | 54).
  3449 | D:5      | 3449 ||| BUYING potion of might (52 gold).
  3449 | D:5      | Bought a potion of might for 52 gold pieces
  3481 | D:5      | Reached skill level 7 in Shields
  3581 | D:5      | Reached skill level 8 in Shields
  3832 | D:5      | 3832 ||| UPGRADING to +2 pair of gloves.
  3842 | D:5      | 3842 ||| DROPPING +0 pair of gloves.
  3902 | D:6      | 3902 ||| INVOKING Fiery Armour.
  4044 | D:6      | Noticed a boulder beetle
  4044 | D:6      | Noticed a two-headed ogre
  4220 | D:6      | Noticed a yak
  4221 | D:6      | Noticed a yak
  4221 | D:6      | Noticed a yak
  4222 | D:6      | Noticed a yak
  4226 | D:6      | 4226 ||| INVOKING Fiery Armour.
  4229 | D:6      | HP: 8/46 [yak (10)]
  4230 | D:6      | 4230 ||| DRINKING potion of heal wounds.
  4231 | D:6      | Killed a yak
  4232 | D:6      | Reached skill level 9 in Shields
  4232 | D:6      | Noticed a yak
  4233 | D:6      | Reached XP level 9. HP: 45/52 MP: 10/10
  4249 | D:6      | Reached skill level 6 in Axes
  4258 | D:6      | Reached skill level 10 in Shields
  4370 | D:6      | 4370 ||| INVOKING Fiery Armour.
  4500 | D:6      | 4500 ||| UPGRADING to +0 pair of boots.
  4505 | D:6      | 4505 ||| READING scroll labelled QUNO BAACORI.
  4536 | D:6      | Reached skill level 6 in Armour
  4834 | D:6      | Found a staircase to the Ecumenical Temple.
  4911 | D:6      | 4911 ||| Stepping ~*~*~tactically~*~*~ (stealth).
  4938 | D:6      | Found a broken altar of Ashenzari.
  5030 | D:6      | 5030 ||| UPGRADING to amulet of regeneration.
  5040 | D:6      | 5040 ||| DROPPING amulet of the acrobat.
  5342 | D:7      | Reached skill level 1 in Throwing
  5409 | D:7      | 5409 ||| Stepping ~*~*~tactically~*~*~ (stealth).
  5423 | D:7      | Reached XP level 10. HP: 59/59 MP: 11/11
  5467 | D:7      | 5467 ||| Stepping ~*~*~tactically~*~*~ (stealth).
  5484 | D:7      | 5484 ||| DRINKING potion of curing.
  5484 | D:7      | 5484 ||| (to cure confusion)
  5519 | D:7      | 5519 ||| READING scroll of teleportation.
  5600 | D:7      | 5600 ||| Stepping ~*~*~tactically~*~*~ (stealth).
  6039 | D:7      | 6039 ||| DRINKING 2 grey potions.
  6040 | D:7      | 6040 ||| READING 2 scrolls of identify.
  6040 | D:7      | 6040 ||| IDENTIFYING metallic amethyst potion
  6041 | D:7      | 6041 ||| DROPPING potion of flight.
  6061 | D:8      | Found Cacwab's General Store.
  6072 | D:8      | 6072 ||| BUYING 2 potions of heal wounds (100 gold).
  6072 | D:8      | Bought 2 potions of heal wounds for 100 gold pieces
  6072 | D:8      | 6072 ||| BUYING potion of haste (100 gold).
  6072 | D:8      | Bought a potion of haste for 100 gold pieces
  6072 | D:8      | 6072 ||| SHOPLISTING potion of heal wounds (50 gold, have
                  | 0).
  6072 | D:8      | 6072 ||| SHOPLISTING ring of willpower (250 gold, have 0).
  6072 | D:8      | 6072 ||| SHOPLISTING scroll of enchant weapon (75 gold,
                  | have 0).
  6072 | D:8      | 6072 ||| SHOPLISTING scroll of identify (20 gold, have 0).
  6115 | D:8      | Noticed Maggie
  6147 | D:8      | Killed Maggie
  6150 | D:8      | 6150 ||| SWAPPING to +2 war axe of flaming.
  6151 | D:8      | 6151 ||| DROPPING -1 hand axe of flaming.
  6152 | D:8      | 6152 ||| DROPPING +1 war axe.
  6255 | D:8      | 6255 ||| Stepping ~*~*~tactically~*~*~ (stealth).
  6257 | D:8      | 6257 ||| Stepping ~*~*~tactically~*~*~ (hiding).
  6276 | D:8      | 6276 ||| INVOKING Fiery Armour.
  6412 | D:8      | Reached skill level 11 in Shields
  6607 | D:8      | 6607 ||| DROPPING +2 hat.
  6608 | D:8      | 6608 ||| UPGRADING to ring of willpower.
  6609 | D:8      | 6609 ||| READING scroll labelled LEZENICRAN.
  6610 | D:8      | 6610 ||| READING scroll labelled DALUUC LUIGENT.
  6611 | D:8      | 6611 ||| DRINKING 2 bubbling purple potions.
  6612 | D:8      | 6612 ||| READING 2 scrolls of identify.
  6612 | D:8      | 6612 ||| IDENTIFYING fizzy coppery potion
  6613 | D:8      | 6613 ||| DROPPING potion of berserk rage.
  6665 | D:9      | 6665 ||| Stepping ~*~*~tactically~*~*~ (stealth).
  6668 | D:9      | 6668 ||| Stepping ~*~*~tactically~*~*~ (stealth).
  6738 | D:9      | 6738 ||| Stepping ~*~*~tactically~*~*~ (hiding).
  6739 | D:9      | 6739 ||| Stepping ~*~*~tactically~*~*~ (hiding).
  6835 | D:9      | Found a staircase to the Lair.
  6959 | D:8      | 6959 ||| PLANNING LAIR
  7016 | Lair:1   | Entered Level 1 of the Lair of Beasts
  7147 | Lair:1   | Reached skill level 6 in Fighting
  7252 | Lair:1   | 7252 ||| INVOKING Fiery Armour.
  7464 | Lair:1   | Reached XP level 11. HP: 50/64 MP: 12/12
  7485 | Lair:1   | 7485 ||| Stepping ~*~*~tactically~*~*~ (stealth).
  7487 | Lair:1   | 7487 ||| Stepping ~*~*~tactically~*~*~ (stealth).
  7497 | Lair:1   | Reached skill level 9 in Axes
  7588 | Lair:1   | 7588 ||| READING scroll of teleportation.
  7767 | Lair:1   | 7767 ||| Stepping ~*~*~tactically~*~*~ (stealth).
  7793 | Lair:1   | Reached skill level 12 in Shields
  8166 | Lair:2   | Found a hole to the Spider Nest.
  8214 | Lair:2   | Found a staircase to the Swamp.
  8215 | Lair:2   | 8215 ||| READING scroll labelled ERILIW WIEZO.
  8368 | Lair:2   | 8368 ||| Stepping ~*~*~tactically~*~*~ (stealth).
  8370 | Lair:2   | 8370 ||| Stepping ~*~*~tactically~*~*~ (stealth).
  8372 | Lair:2   | 8372 ||| Stepping ~*~*~tactically~*~*~ (stealth).
  8439 | Lair:2   | 8439 ||| READING scroll of teleportation.
  8469 | Lair:2   | 8469 ||| Stepping ~*~*~tactically~*~*~ (stealth).
  8477 | Lair:2   | Reached skill level 9 in Armour
  8512 | Lair:2   | 8512 ||| READING scroll of teleportation.
  8593 | Lair:2   | 8593 ||| Stepping ~*~*~tactically~*~*~ (hiding).
  8956 | Lair:2   | 8956 ||| READING 3 scrolls labelled VETEOR OTTIRIWN.
  8969 | Lair:2   | 8969 ||| DROPPING 2 scrolls of torment.
  9028 | Lair:3   | 9028 ||| INVOKING Fiery Armour.
  9134 | Lair:3   | 9134 ||| Stepping ~*~*~tactically~*~*~ (stealth).
  9205 | Lair:3   | 9205 ||| Stepping ~*~*~tactically~*~*~ (stealth).
  9213 | Lair:3   | Reached skill level 13 in Shields
  9239 | Lair:3   | 9239 ||| READING scroll of enchant weapon.
  9239 | Lair:3   | 9239 ||| ENCHANTING +2 war axe of flaming.
  9274 | Lair:3   | 9274 ||| INVOKING Fiery Armour.
  9277 | Lair:3   | Reached XP level 12. HP: 72/72 MP: 13/13
  9416 | Lair:3   | 9416 ||| READING scroll of teleportation.
  9529 | Lair:3   | Noticed a skyshark
  9544 | Lair:3   | Killed a skyshark
  9586 | Lair:3   | 9586 ||| Stepping ~*~*~tactically~*~*~ (stealth).
  9605 | Lair:3   | 9605 ||| INVOKING Fiery Armour.
  9796 | Lair:3   | 9796 ||| Stepping ~*~*~tactically~*~*~ (stealth).
  9826 | Lair:3   | 9826 ||| INVOKING Fiery Armour.
 10057 | Lair:3   | 10057 ||| PLANNING TEMPLE
 10057 | Lair:3   | 10057 ||| READING scroll labelled QUESUTHR FERIUJ.
 10112 | Lair:3   | 10112 ||| READING scroll labelled SANYQE FAISHA.
 10235 | Temple   | Entered the Ecumenical Temple
 10267 | Temple   | 10267 ||| PLANNING OKAWARU WORSHIP
 10301 | Temple   | Fell from the grace of Ignis
 10301 | Temple   | Became a worshipper of Warmaster Okawaru
 10302 | Temple   | 10302 ||| PLANNING LAIR
 10516 | Lair:4   | You fall into a shaft and drop 1 floor!
 10516 | Lair:5   | Entered Level 5 of the Lair of Beasts
 10609 | Lair:5   | Found a runed translucent door.
 10610 | Lair:5   | Found a staircase to the Slime Pits.
 10610 | Lair:5   | Noticed an acid blob
 10610 | Lair:5   | Noticed an acid blob
 10637 | Lair:5   | Reached * piety under Okawaru
 10672 | Lair:5   | Found a stormy altar of Qazlal.
 10682 | Lair:5   | Noticed a death yak
 10682 | Lair:5   | Noticed a death yak
 10682 | Lair:5   | Noticed a death yak
 10683 | Lair:5   | 10683 ||| INVOKING Heroism.
 10691 | Lair:5   | Killed a death yak
 10692 | Lair:5   | Reached skill level 9 in Fighting
 10697 | Lair:5   | Killed a death yak
 10698 | Lair:5   | 10698 ||| INVOKING Heroism.
 10700 | Lair:5   | Killed a death yak
 10701 | Lair:5   | Reached skill level 14 in Shields
 10701 | Lair:5   | Reached skill level 1 in Invocations
 10823 | Lair:5   | 10823 ||| READING scroll of enchant weapon.
 10823 | Lair:5   | 10823 ||| ENCHANTING +3 war axe of venom.
 11042 | Lair:4   | 11042 ||| INVOKING Heroism.
 11176 | Lair:4   | Noticed Urug
 11177 | Lair:4   | 11177 ||| INVOKING Heroism.
 11201 | Lair:4   | 11201 ||| INVOKING Heroism.
 11205 | Lair:4   | Killed Urug
 11206 | Lair:4   | Reached XP level 13. HP: 76/80 MP: 11/15
 11243 | Lair:4   | 11243 ||| READING scroll of acquirement.
 11243 | Lair:4   | 11243 ||| ACQUIRING ring "Ryniopetips" {rF+ rCorr Str+4
                  | Int+3}
 11243 | Lair:4   | Acquired the ring "Ryniopetips" {rF+ rCorr Str+4 Int+3}
 11245 | Lair:4   | 11245 ||| UPGRADING to ring "Ryniopetips" {rF+ rCorr Str+4
                  | Int+3}.
 11275 | Lair:4   | Reached skill level 3 in Invocations
 11744 | Lair:4   | 11744 ||| INVOKING Heroism.
 11750 | Lair:4   | 11750 ||| READING scroll labelled BIPRUU PIETAC.
 11790 | Lair:4   | 11790 ||| READING 5 scrolls of identify.
 11790 | Lair:4   | 11790 ||| IDENTIFYING fuming cyan potion
 11829 | Lair:4   | You fall into a shaft and drop 1 floor!
 11842 | Lair:5   | Reached skill level 1 in Dodging
 11850 | Lair:5   | 11850 ||| INVOKING Heroism.
 11904 | Lair:5   | 11904 ||| Stepping ~*~*~tactically~*~*~ (stealth).
 11913 | Lair:5   | 11913 ||| INVOKING Heroism.
 11922 | Lair:5   | 11922 ||| Stepping ~*~*~tactically~*~*~ (stealth).
 11928 | Lair:5   | 11928 ||| Stepping ~*~*~tactically~*~*~ (stealth).
 11956 | Lair:5   | Reached ** piety under Okawaru
 11961 | Lair:5   | 11961 ||| INVOKING Heroism.
 11992 | Lair:5   | Reached skill level 12 in Axes
 11994 | Lair:5   | 11994 ||| Stepping ~*~*~tactically~*~*~ (hiding).
 12015 | Lair:5   | 12015 ||| Stepping ~*~*~tactically~*~*~ (stealth).
 12018 | Lair:5   | 12018 ||| Stepping ~*~*~tactically~*~*~ (stealth).
 12020 | Lair:5   | 12020 ||| INVOKING Heroism.
 12050 | Lair:5   | 12050 ||| INVOKING Heroism.
 12079 | Lair:5   | 12079 ||| INVOKING Heroism.
 12096 | Lair:5   | 12096 ||| Stepping ~*~*~tactically~*~*~ (stealth).
 12098 | Lair:5   | 12098 ||| Stepping ~*~*~tactically~*~*~ (stealth).
 12100 | Lair:5   | 12100 ||| SWAPPING to +0 whip.
 12106 | Lair:5   | 12106 ||| INVOKING Heroism.
 12119 | Lair:5   | 12119 ||| SWAPPING to +4 war axe of venom.
 12138 | Lair:5   | 12138 ||| INVOKING Heroism.
 12172 | Lair:5   | 12172 ||| INVOKING Heroism.
 12176 | Lair:5   | 12176 ||| Stepping ~*~*~tactically~*~*~ (stealth).
 12196 | Lair:5   | 12196 ||| Stepping ~*~*~tactically~*~*~ (stealth).
 12197 | Lair:5   | 12197 ||| Stepping ~*~*~tactically~*~*~ (stealth).
 12205 | Lair:5   | 12205 ||| Stepping ~*~*~tactically~*~*~ (stealth).
 12207 | Lair:5   | 12207 ||| Stepping ~*~*~tactically~*~*~ (hiding).
 12243 | Lair:5   | 12243 ||| Stepping ~*~*~tactically~*~*~ (hiding).
 12255 | Lair:5   | 12255 ||| READING scroll of enchant weapon.
 12255 | Lair:5   | 12255 ||| ENCHANTING +4 war axe of venom.
 12261 | Lair:5   | 12261 ||| READING scroll of brand weapon.
 12261 | Lair:5   | 12261 ||| BRANDING +5 war axe of venom.
 12282 | Lair:5   | 12282 ||| Stepping ~*~*~tactically~*~*~ (hiding).
 12297 | Lair:5   | 12297 ||| Stepping ~*~*~tactically~*~*~ (hiding).
 12324 | Lair:5   | 12324 ||| INVOKING Heroism.
 12354 | Lair:5   | 12354 ||| Stepping ~*~*~tactically~*~*~ (stealth).
 12369 | Lair:5   | 12369 ||| INVOKING Heroism.
 12446 | Lair:5   | 12446 ||| INVOKING Heroism.
 12552 | Lair:5   | 12552 ||| INVOKING Heroism.
 12781 | Lair:5   | 12781 ||| INVOKING Heroism.
 12798 | Lair:5   | 12798 ||| INVOKING Heroism.
 12983 | Lair:5   | 12983 ||| PLANNING D:1-11
 12983 | Lair:5   | 12983 ||| READING scroll labelled WUCIAM ITTAW.
 12984 | Lair:5   | 12984 ||| READING scroll labelled GEJIEM RUPPUS.
 13121 | Lair:5   | 13121 ||| INVOKING Heroism.
 13256 | D:9      | Found Teamirr's Magic Scroll Shoppe.
 13257 | D:9      | 13257 ||| Stepping ~*~*~tactically~*~*~ (stealth).
 13280 | D:9      | 13280 ||| SHOPLISTING scroll of acquirement (780 gold, have
                  | 512).
 13280 | D:9      | 13280 ||| BUYING scroll of brand weapon (142 gold).
 13280 | D:9      | Bought a scroll of brand weapon for 142 gold pieces
 13280 | D:9      | 13280 ||| BUYING scroll of brand weapon (142 gold).
 13280 | D:9      | Bought a scroll of brand weapon for 142 gold pieces
 13280 | D:9      | 13280 ||| BUYING scroll of enchant weapon (112 gold).
 13280 | D:9      | Bought a scroll of enchant weapon for 112 gold pieces
 13280 | D:9      | 13280 ||| BUYING scroll of identify (30 gold).
 13280 | D:9      | Bought a scroll of identify for 30 gold pieces
 13280 | D:9      | 13280 ||| BUYING scroll of identify (30 gold).
 13280 | D:9      | Bought a scroll of identify for 30 gold pieces
 13280 | D:9      | 13280 ||| BUYING scroll of identify (30 gold).
 13280 | D:9      | Bought a scroll of identify for 30 gold pieces
 13280 | D:9      | 13280 ||| SHOPLISTING scroll of teleportation (45 gold,
                  | have 26).
 13280 | D:9      | 13280 ||| READING 2 scrolls of brand weapon.
 13280 | D:9      | 13280 ||| BRANDING +5 heavy war axe.
 13281 | D:9      | 13281 ||| READING scroll of enchant weapon.
 13281 | D:9      | 13281 ||| ENCHANTING +5 spectral war axe.
 13332 | D:9      | You fall into a shaft and drop 2 floors!
 13332 | D:11     | Was forgiven by Ignis
 13333 | D:11     | 13333 ||| PLANNING BAZAAR
 13333 | D:11     | 13333 ||| DRINKING 4 potions of curing.
 13333 | D:11     | 13333 ||| (to cure confusion)
 13355 | D:11     | 13355 ||| Stepping ~*~*~tactically~*~*~ (hiding).
 13462 | D:11     | 13462 ||| INVOKING Heroism.
 13491 | D:11     | Noticed Onakli's ghost (journeyman DsFi)
 13506 | D:11     | Found a bloodstained altar of Trog.
 13517 | D:11     | Found a transporter.
 13526 | D:11     | Found a transporter.
 13582 | D:11     | Found an iron altar of Okawaru.
 13615 | D:11     | 13615 ||| DROPPING +0 whip.
 13634 | D:11     | 13634 ||| READING scroll of teleportation.
 13725 | D:11     | 13725 ||| READING scroll of enchant armour.
 13725 | D:11     | 13725 ||| ENCHANTING +1 crystal plate armour.
 13801 | D:11     | 13801 ||| Stepping ~*~*~tactically~*~*~ (stealth).
 13808 | D:11     | 13808 ||| DROPPING +0 mace of protection.
 13828 | D:11     | 13828 ||| Stepping ~*~*~tactically~*~*~ (hiding).
 13840 | D:11     | 13840 ||| Stepping ~*~*~tactically~*~*~ (stealth).
 13853 | D:11     | Gained mutation: Your large and strong wings let you fly.
                  | [Gargoyle growth]
 13853 | D:11     | Reached XP level 14. HP: 88/88 MP: 17/17
 14012 | D:11     | Found a flickering gateway to a bazaar.
 14018 | Bazaar   | Entered a bazaar
 14018 | Bazaar   | Found Geudul's Magic Scroll Shop.
 14018 | Bazaar   | Found Fabanir's Distillery.
 14018 | Bazaar   | Found Foutoa's Assorted Antiques.
 14018 | Bazaar   | Found Putaiwkuada's Magic Scroll Boutique.
 14021 | Bazaar   | 14021 ||| BUYING potion of curing (33 gold).
 14021 | Bazaar   | Bought a potion of curing for 33 gold pieces
 14021 | Bazaar   | 14021 ||| BUYING potion of heal wounds (55 gold).
 14021 | Bazaar   | Bought a potion of heal wounds for 55 gold pieces
 14021 | Bazaar   | 14021 ||| BUYING potion of might (44 gold).
 14021 | Bazaar   | Bought a potion of might for 44 gold pieces
 14023 | Bazaar   | 14023 ||| BUYING scroll of identify (20 gold).
 14023 | Bazaar   | Bought a scroll of identify for 20 gold pieces
 14023 | Bazaar   | 14023 ||| BUYING scroll of identify (20 gold).
 14023 | Bazaar   | Bought a scroll of identify for 20 gold pieces
 14033 | D:11     | 14033 ||| PLANNING D:1-11
 14049 | D:10     | Entered Level 10 of the Dungeon
 14085 | D:9      | Identified the +4 hand axe of the Ship {flame, Dex+4}
 14087 | D:9      | 14087 ||| DROPPING +0 flail.
 14116 | D:9      | Reached *** piety under Okawaru
 14387 | D:10     | Reached skill level 15 in Shields
 14626 | D:10     | Found the +6 shillelagh "Devastator" {shatter}
 14648 | D:10     | 14648 ||| Stepping ~*~*~tactically~*~*~ (hiding).
 14765 | D:10     | Found a glowing silver altar of Zin.
 15136 | D:10     | 15136 ||| Stepping ~*~*~tactically~*~*~ (stealth).
 15219 | D:10     | 15219 ||| DROPPING amulet of guardian spirit.
 15345 | D:11     | 15345 ||| PLANNING D
 15392 | D:12     | Reached skill level 12 in Armour
 15440 | D:12     | Found a staircase to the Orcish Mines.
 15536 | D:12     | 15536 ||| INVOKING Heroism.
 15564 | D:12     | 15564 ||| READING scroll of teleportation.
 15687 | D:12     | 15687 ||| Stepping ~*~*~tactically~*~*~ (hiding).
 15702 | D:12     | 15702 ||| Stepping ~*~*~tactically~*~*~ (hiding).
 15757 | D:12     | 15757 ||| Stepping ~*~*~tactically~*~*~ (stealth).
 15764 | D:12     | Reached **** piety under Okawaru
 16020 | D:12     | 16020 ||| READING scroll of teleportation.
 16145 | D:12     | 16145 ||| UPGRADING to ring of see invisible.
 16173 | D:13     | 16173 ||| Stepping ~*~*~tactically~*~*~ (hiding).
 16175 | D:13     | 16175 ||| Stepping ~*~*~tactically~*~*~ (hiding).
 16178 | D:13     | 16178 ||| Stepping ~*~*~tactically~*~*~ (hiding).
 16331 | D:13     | Found a runed translucent gate.
 16331 | D:13     | Found a runed translucent gate.
 16331 | D:13     | Found a runed translucent gate.
 16332 | D:13     | Noticed 00Nightcrawler's ghost (journeyman VSTm)
 16527 | D:13     | 16527 ||| Stepping ~*~*~tactically~*~*~ (hiding).
 16584 | D:13     | Reached ***** piety under Okawaru
 16633 | D:13     | 16633 ||| READING scroll of enchant weapon.
 16633 | D:13     | 16633 ||| ENCHANTING +6 spectral war axe.
 16667 | D:13     | Reached skill level 6 in Invocations
 16950 | D:13     | Received a gift from Okawaru
 16972 | D:13     | Found a gate to the Vaults.
 17134 | D:13     | 17134 ||| DROPPING scarf of resistance.
 17135 | D:13     | 17135 ||| DROPPING ring of willpower.
 17218 | D:14     | 17218 ||| Stepping ~*~*~tactically~*~*~ (stealth).
 17296 | D:14     | 17296 ||| Stepping ~*~*~tactically~*~*~ (hiding).
 17298 | D:14     | 17298 ||| INVOKING Heroism.
 17299 | D:14     | 17299 ||| SWAPPING to +4 hand axe of the Ship {flame,
                  | Dex+4}.
 17306 | D:14     | 17306 ||| SWAPPING to +7 spectral war axe.
 17321 | D:14     | 17321 ||| Stepping ~*~*~tactically~*~*~ (hiding).
 17468 | D:14     | 17468 ||| INVOKING Heroism.
 17469 | D:14     | 17469 ||| INVOKING Finesse.
 17523 | D:14     | Found an ornate altar of the Wu Jian Council.
 17613 | D:14     | 17613 ||| Stepping ~*~*~tactically~*~*~ (hiding).
 17615 | D:14     | 17615 ||| Stepping ~*~*~tactically~*~*~ (hiding).
 17651 | Abyss:2  | Found a corrupted altar of Lugonu.
 17651 | Abyss:2  | Cast into level 2 of the Abyss (a wizard)
 17780 | Abyss:2  | 17780 ||| INVOKING Heroism.
 17808 | Abyss:2  | 17808 ||| Stepping ~*~*~tactically~*~*~ (stealth).
 17811 | Abyss:2  | 17811 ||| Stepping ~*~*~tactically~*~*~ (hiding).
 17817 | Abyss:2  | Reached XP level 15. HP: 71/92 MP: 21/21
 17819 | Abyss:2  | 17819 ||| INVOKING Heroism.
 17831 | Abyss:2  | 17831 ||| Stepping ~*~*~tactically~*~*~ (hiding).
 17834 | Abyss:2  | 17834 ||| Stepping ~*~*~tactically~*~*~ (hiding).
 17839 | Abyss:2  | 17839 ||| Stepping ~*~*~tactically~*~*~ (hiding).
 17839 | Abyss:2  | Found a corrupted altar of Lugonu.
 17853 | Abyss:2  | 17853 ||| Stepping ~*~*~tactically~*~*~ (hiding).
 17854 | Abyss:2  | 17854 ||| Stepping ~*~*~tactically~*~*~ (hiding).
 17855 | Abyss:2  | 17855 ||| Stepping ~*~*~tactically~*~*~ (hiding).
 17856 | Abyss:2  | 17856 ||| Stepping ~*~*~tactically~*~*~ (hiding).
 17857 | Abyss:2  | 17857 ||| Stepping ~*~*~tactically~*~*~ (hiding).
 17858 | Abyss:2  | Gained mutation: Your spells are a little easier to cast,
                  | but a little less powerful. [a neqoxec]
 17895 | Abyss:2  | 17895 ||| Stepping ~*~*~tactically~*~*~ (hiding).
 17917 | Abyss:2  | Noticed a tentacled starspawn
 17918 | Abyss:2  | 17918 ||| Stepping ~*~*~tactically~*~*~ (stealth).
 17925 | Abyss:2  | Killed a tentacled starspawn
 17956 | Abyss:2  | 17956 ||| Stepping ~*~*~tactically~*~*~ (stealth).
 17958 | Abyss:2  | 17958 ||| Stepping ~*~*~tactically~*~*~ (hiding).
 18019 | Abyss:2  | Found a corrupted altar of Lugonu.
 18023 | Abyss:2  | 18023 ||| INVOKING Heroism.
 18026 | Abyss:2  | Reached skill level 9 in Invocations
 18063 | Abyss:2  | 18063 ||| Stepping ~*~*~tactically~*~*~ (stealth).
 18064 | Abyss:2  | 18064 ||| Stepping ~*~*~tactically~*~*~ (stealth).
 18076 | Abyss:2  | 18076 ||| DROPPING +2 pair of gloves.
 18092 | Abyss:2  | Found a corrupted altar of Lugonu.
 18111 | Abyss:2  | 18111 ||| Stepping ~*~*~tactically~*~*~ (hiding).
 18114 | Abyss:2  | Gained mutation: Your body sometimes deteriorates upon
                  | taking damage. [a neqoxec]
 18148 | Abyss:2  | 18148 ||| Stepping ~*~*~tactically~*~*~ (stealth).
 18190 | Abyss:2  | 18190 ||| Stepping ~*~*~tactically~*~*~ (stealth).
 18209 | Abyss:2  | 18209 ||| INVOKING Heroism.
 18223 | Abyss:2  | 18223 ||| Stepping ~*~*~tactically~*~*~ (hiding).
 18244 | D:14     | Escaped the Abyss
 18248 | D:14     | 18248 ||| Stepping ~*~*~tactically~*~*~ (hiding).
 18252 | D:14     | 18252 ||| INVOKING Heroism.
 18341 | D:14     | 18341 ||| Stepping ~*~*~tactically~*~*~ (stealth).
 18358 | D:14     | 18358 ||| INVOKING Heroism.
 18769 | D:14     | 18769 ||| Stepping ~*~*~tactically~*~*~ (stealth).
 18770 | D:14     | 18770 ||| Stepping ~*~*~tactically~*~*~ (stealth).
 18786 | D:14     | Received a gift from Okawaru
 18818 | D:14     | You are sucked into a shaft and drop 1 floor!
 18818 | D:15     | Entered Level 15 of the Dungeon
 18868 | D:15     | 18868 ||| INVOKING Heroism.
 18983 | D:15     | 18983 ||| Stepping ~*~*~tactically~*~*~ (hiding).
 19160 | D:15     | 19160 ||| INVOKING Heroism.
 19169 | D:15     | Reached skill level 3 in Throwing
 19201 | D:15     | HP: 14/94 [titanic slime creature (24)]
 19202 | D:15     | 19202 ||| DRINKING 6 potions of heal wounds.
 19204 | D:15     | 19204 ||| DRINKING 5 potions of heal wounds.
 19205 | D:15     | Slain by a titanic slime creature

Levels and vault maps discovered:
D:1:      eino_arrival_water_cross, layout_basic, serial_co_window_serial,
          co_window_corner_a, co_window_corner_a, co_window_paths_a,
          co_window_corner_a, co_window_paths_a, co_window_broadway_a,
          co_window_unsneaky_path_c, co_window_unsneaky_path_a,
          co_window_corner_b, co_window_4corner_b
D:2:      layout_basic, dreamdust_ecumenical_altar_drowned_temple, basic_altar,
          serial_shops, shop, uniq_robin, uniq_sigmund, uniq_crazy_yiuf_cottage
D:3:      layout_loops_ring, overflow_temple_1_default
D:4:      minmay_evil_eye, layout_rooms, kiku_gazebo_garden_becter,
          jmf_multi_god_temple2, bh_walls_and_bars
D:5:      layout_loops_ring, serial_shops, shop, dk_noncrumbling_3,
          amethyst_killhole, uniq_ijyb
D:6:      minmay_chambers_of_fours, layout_cave_pools,
          mainiacjoe_overflow_six_doors_small, minmay_temple_entry_arrows,
          lightli_corner_chamber
D:7:      layout_gridville, nrook_pool_corridor, minmay_misc_feat_nine_boxes,
          nrook_campfire, chequers_serial_rivers_marsh
D:8:      old_forge, layout_cave_pools, serial_glass, glass_columns_a,
          glass_columns_c, glass_columns_b, glass_columns_b, glass_columns_c,
          glass_columns_b, serial_shops, shop_statue, uniq_maggie
D:9:      layout_irregular_city, lair_entry_dummy, serial_shops, shop
D:10:     layout_basic, kennysheep_mini_moat
D:11:     layout_basic, gammafunk_ghost_wrathful_warriors, serial_shops,
          bzr_entry_safe, serial_rivers, chequers_serial_rivers_marsh,
          chequers_serial_rivers_small_a, chequers_serial_rivers_small_b,
          chequers_serial_rivers_micro_d, serial_park_tiny_1,
          okawaru_ov_weapons_minmay
D:12:     layout_roguey, orc_0_dummy, serial_bayou_lagoon_b
D:13:     layout_irregular_city, david_vaults_5, gammafunk_ghost_necromancy
D:14:     layout_gridville, lemuel_doored_altar, hangedman_aviary
D:15:     gammafunk_enter_depths_forms, layout_grid_maze,
          hangedman_abyss_or_decor_lesser_grid, minmay_between, uniq_josephine,
          uniq_agnes
Temple:   nicolae_temple_x_marks_the_god
Lair:1:   layout_layer_cave, grunt_megastairs_5, serial_bayou_shore_a,
          infiniplex_staircase_pool
Lair:2:   layout_roguey, swamp_mist_pool, nicolae_spider_entry_non_spiders,
          dreamdust_gnoll_shepherd
Lair:3:   layout_hall_layers, infiniplex_staircase_pool_2, grunt_megastairs_4
Lair:4:   layout_regular_city, minmay_lindwurm_lava, uniq_urug
Lair:5:   hangedman_lair_caniforms_friends, layout_hall_layers, slime_entry_2,
          basic_altar

Skill      XL: |  1  2  3  4  5  6  7  8  9 10 11 12 13 14 15 |
---------------+----------------------------------------------+-----
Axes           | 3 4 5 7 8 10 11 12 14 | 14.0
Armour         | 5 6 8 9 10 11 12 13 | 13.0
Shields        | 3 6 9 10 11 13 14 15 | 15.8
Fighting       | 4 5 6 7 9 10 11 | 11.0
Throwing       | 1 2 3 |  3.5
Invocations    | 2 4 8 10 | 10.1
Dodging        | 1 |  1.7
Spellcasting   | |  1.0
Fire Magic     | |  3.0

Action                     |  1- 3 |  4- 6 |  7- 9 | 10-12 | 13-15 || total
---------------------------+-------+-------+-------+-------+-------++-------
  Melee: Hand axe          |    36 |    43 |       |       |     6 ||    85
         War axe           |       |   100 |   400 |   615 |   922 ||  2037
         Whip              |       |       |       |       |    17 ||    17
  Throw: Boomerang         |       |    50 |    28 |    29 |    69 ||   176
         Javelin           |       |       |       |       |    16 ||    16
 Invoke: Fiery Armour      |     1 |     2 |     3 |     6 |       ||    12
         Heroism           |       |       |       |     5 |    29 ||    34
         Finesse           |       |       |       |       |     1 ||     1
    Use: Scroll            |     5 |     6 |     2 |    15 |    14 ||    42
         Potion            |       |       |     1 |     3 |     3 ||     7
   Stab: Distracted        |       |       |       |       |     9 ||     9
 Armour: Robe              |     5 |       |       |       |       ||     5
         Crystal plate arm |     4 |   135 |   337 |   521 |   603 ||  1600
  Dodge: Dodged            |    22 |    20 |    34 |    59 |   125 ||   260
  Block: Tower shield      |       |    40 |   290 |   526 |   722 ||  1578

Table legend:
 A = Non-vault XP
 B = Vault XP
 C = Vault XP percentage of total XP
 D = Non-vault monster count
 E = Vault monster count
 F = Vault count percentage of total count
                 A         B        C        D         E       F
            +---------+---------+-------+---------+---------+-------
      Total |   89040 |   25454 |  22.2 |     451 |     113 |  20.0
            +---------+---------+-------+---------+---------+-------
        D:1 |      16 |       0 |   0.0 |      10 |       0 |   0.0
        D:2 |      90 |     258 |  74.1 |      18 |      13 |  41.9
        D:3 |      34 |       0 |   0.0 |      18 |       0 |   0.0
        D:4 |     252 |       4 |   1.6 |      23 |       2 |   8.0
        D:5 |     991 |      36 |   3.5 |      17 |       1 |   5.6
        D:6 |    1877 |     676 |  26.5 |      16 |       6 |  27.3
        D:7 |    1122 |       0 |   0.0 |      24 |       0 |   0.0
        D:8 |    1148 |     409 |  26.3 |      20 |       1 |   4.8
        D:9 |    1594 |       0 |   0.0 |      17 |       0 |   0.0
       D:10 |    4055 |       0 |   0.0 |      33 |       0 |   0.0
       D:11 |    3660 |       0 |   0.0 |      18 |       0 |   0.0
       D:12 |    8858 |       0 |   0.0 |      31 |       0 |   0.0
       D:13 |    6305 |    1486 |  19.1 |      22 |       4 |  15.4
       D:14 |   12240 |    5617 |  31.5 |      23 |       8 |  25.8
       D:15 |    1416 |    2701 |  65.6 |       5 |       4 |  44.4
     Lair:1 |    2752 |    1051 |  27.6 |      15 |       4 |  21.1
     Lair:2 |    2123 |    1593 |  42.9 |      11 |      12 |  52.2
     Lair:3 |   11038 |       0 |   0.0 |      53 |       0 |   0.0
     Lair:4 |    1802 |    1454 |  44.7 |       8 |       2 |  20.0
     Lair:5 |   11942 |   10169 |  46.0 |      34 |      56 |  62.2
    Abyss:2 |   15725 |       0 |   0.0 |      35 |       0 |   0.0
            +---------+---------+-------+---------+---------+-------
